 Dungeon Crawl Stone Soup version 0.20.1-1-g8b1a95d (webtiles) character file.

149 sanboga the Skirmisher (level 5, -1/43 HPs)
             Began as a Formicid Abyssal Knight on Dec 15, 2017.
             Was a Follower of Lugonu.
             Slain by an ogre
             ... wielding a +0 giant spiked club
              (25 damage)
             ... on level 4 of the Dungeon.
             The game lasted 00:07:44 (2557 turns).

sanboga the Skirmisher (Formicid Abyssal Knight)    Turns: 2557, Time: 00:07:44

Health: -1/43      AC:  9    Str: 17    XL:     5   Next: 56%
Magic:  6/6        EV: 10    Int: 12    God:    Lugonu [*.....]
Gold:   113        SH:  0    Dex: 10    Spells: 4/4 levels left

rFire    . . .     SeeInvis +   a - +1 spear
rCold    . . .     Gourm    .   (no shield)
rNeg     + . .     Faith    .   m - +0 chain mail
rPois    .         Spirit   .   (helmet unavailable)
rElec    .         Reflect  .   (no cloak)
rCorr    .         Harm     .   (no gloves)
MR       .....                  (no boots)
Stlth    ..........             h - amulet of magic regeneration (curse)
Regen    0.2/turn               e - +3 ring of evasion
MPRegen  0.2/turn               f - ring of positive energy

@: no status effects
A: permanent stasis, dig shafts and tunnels, four strong arms, antennae 3
a: Dig, Shaft Self, Depart the Abyss, Renounce Religion


You were on level 4 of the Dungeon.
You worshipped Lugonu.
Lugonu was aware of your devotion.
You were not hungry.

You visited 1 branch of the dungeon, and saw 4 of its levels.
You visited the Abyss 1 time.

You collected 113 gold pieces.

Inventory:

Hand Weapons
 a - a +1 spear (weapon)
Armour
 m - a +0 chain mail (worn)
Jewellery
 e - a +3 ring of evasion (left hand)
 f - a ring of positive energy (right hand)
 h - a cursed amulet of magic regeneration (around neck)
 n - an uncursed amulet of rage {unknown}
Scrolls
 o - a scroll of noise {unknown}
 p - 2 scrolls of recharging {unknown}
Potions
 d - 3 potions of lignification
 g - 3 potions of curing
 k - a potion of flight {unknown}
Comestibles
 c - 5 bread rations
 j - a royal jelly
 l - 3 meat rations


   Skills:
 + Level 4.5 Fighting
 + Level 3.7 Polearms
 + Level 3.0 Armour
 + Level 1.2 Dodging
 + Level 2.4 Invocations


You had 4 spell levels left.
You didn't know any spells.

Dungeon Overview and Level Annotations

Branches:
Dungeon (4/15)
 Temple: D:4-7

Altars:
Elyvilon
Makhleb
Vehumet
Xom


Innate Abilities, Weirdness & Mutations

You cannot be hasted, slowed, berserked, paralysed or teleported.
You can dig through walls and to a lower floor.
Your four strong arms can wield two-handed weapons with a shield.
You have a pair of large antennae on your head. (SInv)


Message History

The ogre hits you with a giant spiked club!!
You hit the ogre but do no damage.
The ogre is moderately wounded.
The ogre closely misses you.
You hit the ogre.
The ogre is moderately wounded.
You hit the ogre.
The ogre is moderately wounded.
The ogre barely misses you.
You hit the ogre.
The ogre is moderately wounded.
The ogre hits you with a giant spiked club.
Okay, then.
You feel better.
Are you sure you want to shaft yourself?
You feel quite a bit more hungry. The ogre barely misses you.
You begin to dig a shaft.
You continue digging a shaft.
The ogre hits you with a giant spiked club!!
Ouch! That really hurt!
You die...

#. ..≈[≈
#.####.≈...
#.......≈##
#.........#
#...>.....#
.####.........##..
..................
##<.@O......# .
#.......###.#... #.
##...............
#.##.........##>#..
##........#..###.#
.............# #.#
##....<.#..###.#
#.......#...##.#
#.....###.#....##


You could see an ogre.

Vanquished Creatures
  2 hounds (D:3)
  3 adders
  3 worms
  2 dart slugs (D:1)
  3 leopard geckos
  2 orcs (D:3)
  2 giant cockroaches
  11 goblins
  5 hobgoblins
  5 kobolds
  A ball python (D:2)
  2 bats
  4 frilled lizards
  2 rats (D:2)
47 creatures vanquished.

Notes
Turn   | Place    | Note
-------+----------+-------------------------------------------
     0 | Abyss:1  | sanboga the Formicid Abyssal Knight began the quest for the Orb.
     0 | Abyss:1  | Reached XP level 1. HP: 18/18 MP: 2/2
    58 | Abyss:1  | Noticed a large abomination
    68 | Abyss:1  | Noticed a smoke demon
    69 | Abyss:1  | Noticed an ancient zyme
    70 | D:1      | Escaped the Abyss
   141 | D:1      | Reached * piety under Lugonu
   141 | D:1      | Reached XP level 2. HP: 13/25 MP: 3/3
   392 | D:1      | Reached skill level 4 in Fighting
   593 | D:1      | Reached XP level 3. HP: 30/30 MP: 4/4
   897 | D:2      | Found a shimmering altar of Xom.
  1322 | D:2      | Reached skill level 1 in Dodging
  1437 | D:2      | Reached XP level 4. HP: 37/37 MP: 5/5
  1931 | D:3      | Found a white marble altar of Elyvilon.
  2059 | D:3      | Reached XP level 5. HP: 35/43 MP: 6/6
  2234 | D:3      | Found a burning altar of Makhleb.
  2328 | D:3      | Found a glowing drain.
  2476 | D:4      | Found a radiant altar of Vehumet.
  2540 | D:4      | Noticed an ogre
  2557 | D:4      | Slain by an ogre

Skill      XL: |  1  2  3  4  5 |
---------------+----------------+-----
Fighting       | 4 |  4.5
Dodging        | 1 |  1.2
Polearms       | 3 |  3.7
Armour         | 3 |  3.0
Invocations    | |  2.4

Action                   |  1- 3 |  4- 6 || total
-------------------------+-------+-------++-------
Melee: Spear             |    68 |   147 ||   215
Invok: Depart the Abyss  |     1 |       ||     1
 Abil: Dig               |     3 |       ||     3
       Shaft Self        |       |     1 ||     1
  Use: Potion            |     3 |     1 ||     4
       Scroll            |     2 |     1 ||     3
  Eat: Chunk             |     3 |     4 ||     7
       Royal jelly       |     1 |       ||     1
Armor: Leather armour    |    10 |       ||    10
       Chain mail        |     5 |    42 ||    47
Dodge: Dodged            |    35 |    65 ||   100
